 Dungeon Crawl Stone Soup version 0.28-a0-1389-gc726bef33b (webtiles) character file.

Game seed: 12381308655789284996

11 Gwenloh the Sneak (level 2, 0/22 HPs)
             Began as a Naga Fire Elementalist on Jan 3, 2022.
             Succumbed to an adder's poison
             ... on level 1 of the Dungeon.
             The game lasted 00:02:23 (950 turns).

Gwenloh the Sneak (Naga Fire Elementalist)           Turns: 950, Time: 00:02:24

Health: 0/22       AC:  1    Str: 10    XL:     2   Next: 29%
Magic:  0/5        EV:  9    Int: 15    God:
Gold:   92         SH:  0    Dex: 11    Spells: 2/5 levels left

rFire   . . .      SeeInvis +   i - +1 dagger (venom)
rCold   . . .      Faith    .   (no shield)
rNeg    . . .      Spirit   .   a - +0 robe
rPois   +          Reflect  .   (no helmet)
rElec   .          Harm     .   (no cloak)
rCorr   .          Rampage  .   (no gloves)
Will    .....                   (no barding)
Stlth   ++........              (no amulet)
HPRegen 0.07/turn               (no ring)
MPRegen 0.09/turn               (no ring)

@: lethally poisoned (0 -> -4), short of breath, very slightly contaminated,
very slow
A: AC +0, large, see invisible, deformed body, poison resistance, slowness 2,
spit poison 1, naga tail 1
a: Spit Poison


You were on level 1 of the Dungeon.
You visited 1 branch of the dungeon, and saw 2 of its levels.

You collected 92 gold pieces.

Inventory:

Hand Weapons
 i - a +1 dagger of venom (weapon)
Armour
 a - a +0 robe (worn)
Scrolls
 b - 2 scrolls of noise {unknown}
 c - a scroll of teleportation {unknown}
 d - a scroll of blinking {unknown}
 f - a scroll of enchant weapon {unknown}
 h - a scroll of acquirement {unknown}
 j - a scroll of enchant armour {unknown}
Potions
 e - a potion of magic {unknown}
 g - a potion of might {unknown}


   Skills:
 - Level 1.5 Dodging
 + Level 3.2 Stealth
 * Level 2.2 Spellcasting
 * Level 1.4 Conjurations
 * Level 3.2 Fire Magic


You had 2 spell levels left.
You knew the following spells:

 Your Spells              Type           Power      Damage    Failure   Level
a - Foxfire               Conj/Fire      32%        2x1d5     9%          1
b - Scorch                Fire           22%        2d6       9%          2

Your spell library contained the following spells:

 Spells                   Type           Power      Damage    Failure   Level
 Conjure Flame            Conj/Fire      8%         6-21      26%         3
 Inner Flame              Hex/Fire       6%         N/A       34%         3
 Flame Wave               Conj/Fire      8%         2d4       63%         4


Dungeon Overview and Level Annotations

Branches:
Dungeon (2/15)

Altars:

Shops:
D:1 (   D:2 (


Innate Abilities, Weirdness & Mutations

Your serpentine skin is tough. (AC +0)
You have supernaturally acute eyesight. (SInv)
Armour fits poorly on your strangely shaped body.
Your system is resistant to poisons. (rPois)
You cover ground very slowly.
You can spit poison.
You have a snake-like lower body.


Message History

Flames lash the kobold.
You kill the kobold!
The adder bites you. The adder bites you.
You climb upwards.
You have got your breath back.
There is a stone staircase leading down here.
You miss the adder. The adder bites you.
You closely miss the adder. The adder barely misses you.
The adder closely misses you.
Casting: Scorch (safe; 9% risk of failure)
Confirm with . or Enter, or press ? or * to list all spells.
You conjure some foxfire!
The adder bites you.
The foxfire hits the adder.
The adder is lightly wounded.
The foxfire hits the adder.
The adder is lightly wounded.
The adder barely misses you.
Casting: Foxfire (safe; 9% risk of failure)
Confirm with . or Enter, or press ? or * to list all spells.
You miscast Foxfire.
You are very lightly contaminated with residual magic.
Nothing appears to happen.
The adder bites you. The adder barely misses you.
You closely miss the adder.
The adder is lightly wounded.
The adder bites you.
* * * LOW HITPOINT WARNING * * *
Aiming: Spit Poison (2% risk of failure)
Press: ? - help, Shift-Dir - straight line, f - adder
Aim: an adder (lightly wounded)
The splash of poison misses the adder.
The adder bites you but does no damage.
You barely miss the adder.
The adder is lightly wounded.
The adder bites you.
* * * LOW HITPOINT WARNING * * *
You are lethally poisoned!
The adder poisons you! The adder closely misses you.
You miss the adder.
The adder is lightly wounded.
You die...

....######.....#.######.#
######
###..#...............##.#
#G#...........#..###.##.#
###.##........#..# #.##.#
.....+........#..###....#
...(##........#.......###
....##........#.......#
###.##......).#.......#
#G#...........#S@######
###..##.......####
.....########## .....#
######


You could see an adder.

Vanquished Creatures
  2 endoplasms (D:1)
  A goblin (D:2)
  A hobgoblin (D:1)
  A ball python (D:1)
  3 bats (D:1)
  2 kobolds
  A rat (D:1)
11 creatures vanquished.

Vanquished Creatures (others)
  19 foxfires (D:1)
19 creatures vanquished.

Grand Total: 30 creatures vanquished

Notes
Turn   | Place    | Note
-------+----------+-------------------------------------------
     0 | D:1      | Gwenloh the Naga Fire Elementalist began the quest for the
                  | Orb.
     0 | D:1      | Reached XP level 1. HP: 15/15 MP: 3/3
   159 | D:1      | Noticed a great orb of eyes
   161 | D:1      | Found a faded altar of an unknown god.
   163 | D:1      | Noticed an eye of devastation
   163 | D:1      | Noticed a shining eye
   163 | D:1      | Noticed a golden eye
   488 | D:1      | Reached XP level 2. HP: 22/22 MP: 3/5
   491 | D:1      | Learned a level 2 spell: Scorch
   513 | D:1      | Found Udaopp's Antique Weapon Shop.
   806 | D:2      | Found Zamuipt's Antique Weapon Shoppe.
   949 | D:1      | HP: 1/22 [adder (5)]
   950 | D:1      | Succumbed to an adder's poison

Illustrated notes

Levels and vault maps discovered:
D:1:      dpeg_arrival_round_a, layout_basic, serial_shops,
          nicolae_lakefront_shop, hellmonk_ecumenical_altar_watching_god
D:2:      layout_loops_ring, serial_shops, shop_fountains, minmay_pentomino_t4

Action                   || total
-------------------------++-------
Melee: Unarmed           ||     1
       Dagger            ||     5
 Cast: Foxfire           ||    12
       Scorch            ||     3
 Abil: Spit Poison       ||     3
Armor: Robe              ||     1
Dodge: Dodged            ||     6

Table legend: (Time is in decaauts)
 A = Elapsed time spent in this place.
 B = Non-inter-level travel time spent in this place.
 C = Inter-level travel time spent in this place.
 D = Time resting spent in this place.
 E = Time spent auto-exploring this place.
 F = Levels seen in this place.
 G = Mean time per level.
                   A        B        C        D        E       F      G
               +--------+--------+--------+--------+--------+-----+--------+
         Total |   1196 |   1164 |     32 |    100 |    954 |   2 |  598.0 |
       Dungeon |   1196 |   1164 |     32 |    100 |    954 |   2 |  598.0 |
               +--------+--------+--------+--------+--------+-----+--------+

Top non-repeatable levels by time:
     D:1: 1048 daAuts
     D:2: 148 daAuts
